 Dungeon Crawl Stone Soup version 0.30-a0-840-ga523dec638 (webtiles) character file.

Game seed: 6772280503912494775

103993 cforsyth the Unseen (level 16, -30/99 HPs)
             Began as a Kobold Brigand on Mar 1, 2023.
             Was the Champion of Hepliaklqana.
             Annihilated by an ettin
             ... wielding a +0 dire flail
              (38 damage)
             ... on level 15 of the Dungeon.
             The game lasted 00:46:34 (29589 turns).

cforsyth the Unseen (Kobold Brigand)               Turns: 29589, Time: 00:46:35

Health: -30/99     AC: 13    Str:  9    XL:     16   Next: 91%
Magic:  25/25      EV: 29    Int: 13    God:    Hepliaklqana [******]
Gold:   1068       SH:  0    Dex: 23    Spells: 15/15 levels left

rFire   . . .      SeeInvis .    w - +2 short sword (vamp)
rCold   + . .      Faith    .    (no shield)
rNeg    . . .      Spirit   .    c - +0 troll leather armour
rPois   .          Reflect  .    F - +2 hat
rElec   .          Harm     .    L - +2 cloak
rCorr   .          Rampage  .    z - +2 pair of gloves
Will    +....                    y - +0 pair of boots
Stlth   +++++++++                (no amulet)
HPRegen 1.16/turn                B - ring of Jeuges {MP+9 Slay+6}
MPRegen 0.19/turn                n - ring of protection from cold

@: no status effects
A: reduced essence, small, no large weapons, nightstalker 3
a: Renounce Religion, Recall Ancestor, Ancestor Identity, Transference, Idealise


You were on level 15 of the Dungeon.
You worshipped Hepliaklqana.
Hepliaklqana was exalted by your worship.
You visited 4 branches of the dungeon, and saw 23 of its levels.
You also visited: Trove and Volcano.

You collected 2639 gold pieces.
You spent 1571 gold pieces at shops.

Inventory:

Hand Weapons
 a - a +2 dagger
 w - a +2 vampiric short sword (weapon)
Missiles
 d - 52 poisoned darts (quivered)
 e - 5 curare-tipped darts
 Z - 6 atropa-tipped darts
Armour
 c - a +0 troll leather armour (worn)
 f - a +2 kite shield
 y - a +0 pair of boots (worn)
 z - a +2 pair of gloves (worn)
 F - a +2 hat (worn)
 L - a +2 cloak (worn)
 S - a +1 pair of gloves
Jewellery
 n - a ring of protection from cold (right hand)
 v - a ring of flight
 B - the ring of Jeuges (left hand) {MP+9 Slay+6}
   (You bought it in a shop on level 2 of the Orcish Mines)

   [ring of magical power]

   Slay:      It affects your accuracy & damage with ranged weapons and melee
   (+6).
   MP:        It affects your magic capacity (+9).
 E - the ring "Qoso" {Ice rCorr MP-9 Int-4 Dex+8}
   (You found it on level 6 of the Dungeon)

   [ring of ice]

   It enhances your ice magic.
   Int:       It affects your intelligence (-4).
   Dex:       It affects your dexterity (+8).
   rF:        It makes you vulnerable to fire.
   rC:        It protects you from cold.
   MP:        It affects your magic capacity (-9).
   rCorr:     It protects you from acid and corrosion.
 J - a ring of magical power
 O - a ring of positive energy
 U - an amulet of regeneration
 X - a +6 ring of strength
Wands
 m - a wand of iceblast (9)
 t - a wand of polymorph (4)
 G - a wand of quicksilver (5)
 I - a wand of paralysis (18)
 K - a wand of mindburst (1)
 N - a wand of flame (26)
Scrolls
 i - a scroll of enchant weapon
 j - 7 scrolls of fog
 o - 2 scrolls of magic mapping
 u - 4 scrolls of fear
 x - 2 scrolls of brand weapon
 C - 7 scrolls of blinking
 D - 6 scrolls of enchant armour
 P - 4 scrolls of silence
 R - a scroll of poison
 V - a scroll of butterflies
 W - 4 scrolls of teleportation
Potions
 b - 5 potions of cancellation
 g - 7 potions of brilliance
 h - 4 potions of mutation
 k - 5 potions of lignification
 l - 9 potions of haste
 p - a potion of experience {unknown}
 q - 10 potions of ambrosia
 r - 15 potions of curing
 s - 5 potions of flight
 A - 3 potions of attraction
 H - 8 potions of heal wounds
 M - 4 potions of resistance
 Q - 2 potions of might
 T - a potion of invisibility
 Y - a potion of berserk rage


   Skills:
 + Level 16.0 Fighting
 + Level 18.8 Short Blades
 - Level 2.1 Throwing
 + Level 17.2 Dodging
 + Level 20.7 Stealth


You had 15 spell levels left.
You didn't know any spells.
Your spell library contained the following spells:

 Spells                   Type           Power      Damage    Failure   Level
 Necrotise                Necr           0%         1d4       41%         1
 Cigotuvi's Dreadful Rot  Necr/Pois/Air  0%         N/A       54%         2
 Sublimation of Blood     Necr           0%         N/A       54%         2
 Wereblood                Tmut           0%         N/A       54%         2
 Vampiric Draining        Necr           0%         2d6       78%         3
 Airstrike                Air            0%         2d(0-16)  99%         4
 Cause Fear               Hex            0%         N/A       99%         4
 Summon Lightning Spire   Summ/Air       0%         N/A       99%         4
 Agony                    Necr           0%         N/A       100%        5
 Lightning Bolt           Conj/Air       0%         1d11      100%        5
 Simulacrum               Ice/Necr       0%         N/A       100%        6
 Dragon Form              Tmut           0%         N/A       100%        7
 Summon Hydra             Summ           0%         N/A       100%        7
 Borgnjor's Revivificati  Necr           0%         N/A       100%        8
 Dragon's Call            Summ           0%         N/A       100%        9


Dungeon Overview and Level Annotations

Branches:
Dungeon (15/15)            Temple (1/1) D:5            Lair (5/5) D:9
  Swamp (0/4) Lair:3        Snake (0/4) Lair:3        Slime (0/5) Lair:4
    Orc (2/2) D:11            Elf (0/3) Orc:2        Vaults (0/5) D:13
 Depths (0/4) D:15        Volcano (visited)

Altars:
Ashenzari
Cheibriados
Dithmenos
Elyvilon
Fedhas
Gozag
Hepliaklqana
Kikubaaqudgha
Makhleb
Nemelex Xobeh
Okawaru
Qazlal
Ru
Sif Muna
Uskayaw
Vehumet
Wu Jian
Xom
Yredelemnul
Zin
The Shining One
Jiyva
Lugonu

Shops:
D:5 ?(*?   D:15 ?   Orc:2 [=![

Portals:
Abyss: Lair:5

Annotations:
D:7 1 runed translucent door, Crazy Yiuf


Innate Abilities, Weirdness & Mutations

Your life essence is reduced to manifest your ancestor. (-10% HP)
You are small and have problems with some larger weapons.
You are completely attuned to the shadows.


Message History

The ettin is moderately wounded.
The ettin hits you with a +0 dire flail!!!
The ettin misses you.
You hit the ettin but do no damage.
The ettin is moderately wounded.
You puncture the ettin!
The ettin is moderately wounded.
You hit the ettin.
The ettin is heavily wounded.
The ettin completely misses you. The ettin closely misses you.
You hit the ettin but do no damage.
The ettin is heavily wounded.
You puncture the ettin!
The ettin is severely wounded.
The ettin completely misses you.
The ettin hits you with a +0 heavy dire flail!!
You are too injured to fight recklessly!
You are too injured to fight recklessly!
You are too injured to fight recklessly!
You are too injured to fight recklessly!
You are too injured to fight recklessly!
You are too injured to fight recklessly!
You are too injured to fight recklessly!
You are too injured to fight recklessly!
You hit the ettin.
You feel better.
The ettin is severely wounded.
You hit the ettin but do no damage.
The ettin is severely wounded.
You hit the ettin.
The ettin is severely wounded.
The ettin hits you with a +0 dire flail!!
* * * LOW HITPOINT WARNING * * *
The ettin misses you.
You completely miss the ettin.
The ettin is severely wounded.
You hit the ettin.
The ettin is severely wounded.
The ettin completely misses you.
The ettin hits you with a +0 heavy dire flail!!!
You die...

#.#.#.#)###
#.#.......##
#.#.#..#...#
#.#.).......
.....#####......#....
............####.###.
.....######.#>..#..†)
...C.######.#.....##)
....@##.....#...#.##.
.....##..#.#.#.#..#..
.....##.#...#.....#.#
.....##.....#.#####.#
#####...#..⌠#.# #...
####.####.# #...
#...#.....####...
#.....######.....
#...#.# #<)...


You could see an ettin.

Vanquished Creatures
  Donald (Orc:1)
  An orc warlord (Orc:1)
  Azrael (Orc:1)
  2 vault guards (D:13)
  Erolcha (Orc:2)
  5 hydras
  2 ogre magi (Orc:2)
  3 centaur warriors
  14 two-headed ogres
  4 boulder beetles
  A tengu warrior (D:13)
  9 death yaks
  2 thrashing horrors (Lair:5)
  A hell knight (Volcano)
  3 skysharks
  2 deep trolls (D:15)
  A bog body (Lair:3)
  A wizard (D:15)
  2 deep elf pyromancers
  3 orc knights
  2 orc sorcerers
  10 ugly things
  A manticore (D:11)
  A cyclops (D:9)
  An orange demon (Lair:1)
  A gargoyle (D:12)
  3 elephants
  7 black mambas
  An ice statue (Lair:5)
  2 molten gargoyles (Volcano)
  4 kobold demonologists
  10 cane toads
  A yaktaur (Volcano)
  2 ice devils
  3 rime drakes
  An anaconda simulacrum (Lair:2)
  7 komodo dragons
  2 ancient zymes (Lair:5)
  2 meliai (Lair:4)
  2 large abominations (Lair:5)
  4 polar bears
  A queen bee (Lair:4)
  5 trolls
  Grinder (D:6)
  23 blink frogs
  2 dream sheep (D:8)
  A spriggan (Lair:5)
  Sigmund (D:6)
  4 slime creatures
  3 wyverns
  3 wraiths
  2 fire elementals (Orc:1)
  A hog (shapeshifter) (Lair:5)
  Grum (D:8)
  5 humans (D:13)
  A redback (shapeshifter) (Lair:5)
  6 vampire mosquitoes
  3 basilisks
  A fire bat (Volcano)
  2 chaos spawn (Lair:5)
  2 steam dragons (D:8)
  41 yaks
  2 wargs
  A hell hound (Orc:2)
  11 water moccasins
  An acid dragon (D:14)
  A black bear (D:5)
  12 orc warriors
  10 ice beasts
  7 small abominations (Lair:5)
  5 boggarts (D:14)
  14 wolves
  8 centaurs
  19 ogres
  4 kobold brigands
  9 bullfrogs
  A necrophage (D:5)
  A two-headed ogre simulacrum (Lair:2)
  6 scorpions
  13 wights
  A hexer (Lair:5)
  21 killer bees
  An electric eel (D:11)
  7 howler monkeys
  6 lava snakes (Volcano)
  10 orc priests
  3 hounds
  2 jellies (D:5)
  3 iguanas
  Natasha (thrice) (D:2)
  12 orc wizards
  A polar bear simulacrum (Lair:2)
  A troll simulacrum (Lair:2)
  A boggart simulacrum (D:15)
  10 gnolls
  8 adders
  A shadow imp (D:5)
  2 white imps (D:7)
  2 ufetubi
  A worm (D:5)
  A dart slug (D:1)
  35 orcs
  3 ball pythons
  7 bats
  2 endoplasms
  2 giant cockroaches
  6 goblins
  8 hobgoblins
  3 quokkas
  A frilled lizard (shapeshifter) (Lair:5)
  4 frilled lizards
  20 kobolds
  4 rats
552 creatures vanquished.

Vanquished Creatures (collateral kills)
  2 catoblepae
  2 ogre magi (Orc:2)
  5 two-headed ogres
  2 death yaks
  A thrashing horror (Lair:5)
  Amaemon (Lair:1)
  2 ugly things (D:14)
  2 cyclopes
  A black mamba (Lair:3)
  A cane toad (Lair:4)
  A tengu conjurer (D:15)
  3 komodo dragons
  An ancient zyme (Lair:5)
  2 polar bears (Lair:2)
  2 trolls
  A meliai (Lair:4)
  A hornet (D:8)
  3 blink frogs (Lair:5)
  A large abomination (Lair:5)
  A shapeshifter (D:15)
  A slime creature (D:8)
  2 vampires
  13 yaks
  2 wraiths
  4 shadows
  A fire bat (Volcano)
  2 fire elementals (Orc:1)
  4 humans (D:13)
  A chaos spawn (Lair:5)
  A steam dragon (D:7)
  2 basilisks
  A vampire mosquito (D:14)
  A small abomination (Lair:5)
  An acid dragon (D:8)
  5 water moccasins
  An ice beast (Lair:5)
  3 orc warriors
  7 ogres
  4 wolves
  A centaur (Volcano)
  4 kobold brigands
  2 bullfrogs
  A cane toad simulacrum (Lair:2)
  4 wights
  8 killer bees (Lair:4)
  An electric eel (D:11)
  3 orc priests
  7 orc wizards
  A gnoll (D:6)
  A naga simulacrum (Lair:2)
  12 orcs
  4 kobolds
140 creatures vanquished.

Vanquished Creatures (others)
  A vault guard (D:13)
  17 hexers
  An orc wizard (Orc:2)
  An ancestor (D:7)
  15 fungi
  50 plants
85 creatures vanquished.

Grand Total: 777 creatures vanquished

Notes
Turn   | Place    | Note
-------+----------+-------------------------------------------
     0 | D:1      | cforsyth the Kobold Brigand began the quest for the Orb.
     0 | D:1      | Reached XP level 1. HP: 12/12 MP: 1/1
   177 | D:1      | Reached XP level 2. HP: 18/18 MP: 2/2
   644 | D:1      | Reached XP level 3. HP: 22/22 MP: 3/3
   933 | D:2      | Noticed Natasha
   937 | D:2      | Killed Natasha
   938 | D:2      | Reached XP level 4. HP: 27/27 MP: 4/4
  1037 | D:2      | Noticed Natasha
  1053 | D:2      | Killed Natasha
  1054 | D:2      | Reached skill level 6 in Stealth
  1231 | D:2      | Noticed Natasha
  1252 | D:2      | Killed Natasha
  1253 | D:2      | Reached XP level 5. HP: 14/32 MP: 5/5
  1384 | D:1      | HP: 1/48 [gnoll/+0 whip (4)]
  2478 | D:3      | Reached XP level 6. HP: 36/37 MP: 6/6
  2711 | D:3      | Found a faded altar of an unknown god.
  3732 | D:4      | Reached skill level 7 in Stealth
  3962 | D:5      | Entered Level 5 of the Dungeon
  3966 | D:5      | Reached skill level 5 in Short Blades
  4023 | D:5      | Reached XP level 7. HP: 29/43 MP: 7/7
  4214 | D:5      | Found a staircase to the Ecumenical Temple.
  4265 | Temple   | Entered the Ecumenical Temple
  4430 | Temple   | Became a worshipper of Hepliaklqana the Forgotten
  4479 | D:5      | Found Omel's Assorted Antiques.
  4486 | D:5      | Bought a yellow potion for 22 gold pieces
  4486 | D:5      | Bought a scroll labelled ZUOSODWAME for 25 gold pieces
  4486 | D:5      | Bought a scroll labelled UBUQIE TESIN for 25 gold pieces
  4486 | D:5      | Bought a lumpy dark potion for 22 gold pieces
  4611 | D:5      | Found Rakhluo's Weapon Shoppe.
  4776 | D:5      | Found Gibroring's Magic Scroll Shop.
  4905 | D:5      | Reached XP level 8. HP: 48/48 MP: 8/8
  4906 | D:5      | Reached skill level 5 in Fighting
  4906 | D:5      | Reached skill level 8 in Stealth
  4934 | D:5      | Reached skill level 5 in Dodging
  5286 | D:5      | Found Summir's Magic Scroll Shoppe.
  5289 | D:5      | Bought a scroll of blinking for 97 gold pieces
  5289 | D:5      | Bought a scroll of enchant armour for 97 gold pieces
  5335 | D:6      | Identified the ring "Qoso" {Ice rCorr MP-9 Int-4 Dex+8}
  5501 | D:6      | Noticed Sigmund
  5510 | D:6      | Killed Sigmund
  5567 | D:6      | Reached skill level 9 in Stealth
  5799 | D:6      | Reached XP level 9. HP: 14/52 MP: 9/9
  6385 | D:6      | Reached * piety under Hepliaklqana
  7003 | D:7      | Reached skill level 10 in Stealth
  7100 | D:6      | Noticed Grinder
  7111 | D:6      | Killed Grinder
  7367 | D:7      | Found a runed translucent door.
  7370 | D:7      | Noticed Crazy Yiuf
  7666 | D:7      | Reached XP level 10. HP: 41/56 MP: 7/10
  7903 | D:8      | Found an ornate altar of the Wu Jian Council.
  7933 | D:8      | Noticed a two-headed ogre
  7937 | D:8      | Killed a two-headed ogre
  7938 | D:8      | Reached skill level 11 in Stealth
  8040 | D:8      | Reached ** piety under Hepliaklqana
  8041 | D:8      | Remembered your ancestor Nenetl as a hexer
  8162 | D:8      | Noticed Grum
  8167 | D:8      | Killed Grum
  8175 | D:8      | Reached skill level 10 in Short Blades
  8371 | D:8      | Reached skill level 12 in Stealth
  8375 | D:8      | Noticed a three-headed hydra
  8386 | D:8      | Killed a three-headed hydra
  8387 | D:8      | Reached XP level 11. HP: 33/62 MP: 11/11
  9808 | D:9      | Found a staircase to the Lair.
  9842 | D:9      | Reached skill level 10 in Dodging
  9908 | D:9      | Noticed a cyclops
  9911 | D:9      | Killed a cyclops
  9912 | D:9      | Reached skill level 13 in Stealth
 10326 | D:9      | Found a basalt altar of Yredelemnul.
 10331 | D:9      | Found a sparkling altar of Nemelex Xobeh.
 10335 | D:9      | Found a hide-covered altar of Uskayaw.
 10335 | D:9      | Found an opulent altar of Gozag.
 10537 | D:10     | Entered Level 10 of the Dungeon
 10586 | D:10     | Noticed a two-headed ogre
 10590 | D:10     | Killed a two-headed ogre
 10600 | D:10     | Reached skill level 10 in Fighting
 10873 | D:10     | Reached *** piety under Hepliaklqana
 11198 | D:10     | Noticed a two-headed ogre
 11201 | D:10     | Killed a two-headed ogre
 11387 | D:11     | You fall into a shaft and drop 2 floors!
 11388 | D:13     | Found a portal to a secret trove of treasure.
 11465 | D:12     | Reached XP level 12. HP: 69/69 MP: 12/12
 11469 | D:11     | Noticed a two-headed ogre
 11469 | D:11     | Noticed a two-headed ogre
 11498 | D:12     | Killed a two-headed ogre
 11499 | D:12     | Reached skill level 14 in Stealth
 11756 | D:11     | Killed a two-headed ogre
 12192 | D:11     | Identified the +0 leather armour "Wauc Nos" {Dex+3}
 12401 | D:11     | Found a staircase to the Orcish Mines.
 12568 | D:12     | Noticed a two-headed ogre
 12572 | D:12     | Killed a two-headed ogre
 12587 | D:12     | Found an ornate altar of the Wu Jian Council.
 13634 | Lair:1   | Entered Level 1 of the Lair of Beasts
 13667 | Lair:1   | Reached **** piety under Hepliaklqana
 13672 | Lair:1   | Noticed a boulder beetle
 13681 | Lair:1   | Killed a boulder beetle
 13715 | Lair:1   | Noticed Amaemon
 13725 | Lair:1   | Reached skill level 15 in Stealth
 14054 | Lair:1   | Killed Amaemon
 14284 | Lair:1   | Got the Enchiridion on Ghoulish Glaciation
 14292 | Lair:1   | Noticed a catoblepas
 14307 | Lair:1   | Killed a catoblepas
 14308 | Lair:1   | Reached XP level 13. HP: 42/75 MP: 13/13
 15361 | Lair:2   | Noticed a five-headed hydra
 15368 | Lair:2   | Killed a five-headed hydra
 15580 | Lair:2   | Reached skill level 16 in Stealth
 16418 | Lair:2   | Identified the +1 leather armour of Resonance {rElec}
 16635 | Lair:3   | Reached ***** piety under Hepliaklqana
 16665 | Lair:3   | Found a staircase to the Snake Pit.
 16882 | Lair:4   | Reached skill level 15 in Short Blades
 16917 | Lair:3   | Found a dark tunnel.
 16923 | Volcano  | Entered a volcano
 17202 | Volcano  | Found a bloodstained altar of Trog.
 17202 | Volcano  | Noticed a centaur warrior
 17230 | Volcano  | Killed a centaur warrior
 17231 | Volcano  | Reached XP level 14. HP: 70/82 MP: 14/14
 17314 | Volcano  | Reached skill level 17 in Stealth
 17719 | Lair:3   | Found a staircase to the Swamp.
 18951 | Lair:4   | HP: 4/84 [killer bee (11)]
 19903 | Lair:4   | Found a viscous altar of Jiyva.
 19905 | Lair:4   | Found a staircase to the Slime Pits.
 19992 | Lair:5   | Entered Level 5 of the Lair of Beasts
 20345 | Lair:5   | Reached skill level 18 in Stealth
 20705 | Lair:5   | Reached skill level 15 in Dodging
 20750 | Lair:5   | Reached XP level 15. HP: 90/90 MP: 15/15
 22771 | Lair:5   | Reached skill level 19 in Stealth
 23324 | Lair:5   | Found a corrupted altar of Lugonu.
 23325 | Lair:5   | Found a one-way gate to the infinite horrors of the Abyss.
 23986 | Orc:1    | Entered Level 1 of the Orcish Mines
 24465 | Orc:2    | Entered Level 2 of the Orcish Mines
 24582 | Orc:2    | Noticed Azrael
 25101 | Orc:2    | Reached skill level 15 in Fighting
 25186 | Orc:2    | Noticed Erolcha
 25198 | Orc:2    | Killed Erolcha
 25199 | Orc:2    | Reached XP level 16. HP: 97/97 MP: 16/16
 25337 | Orc:2    | Found a staircase to the Elven Halls.
 25338 | Orc:2    | Noticed Donald
 25608 | Orc:1    | Killed Donald
 25842 | Orc:2    | Found Zianicsu's Armour Emporium.
 25842 | Orc:2    | Found Yshrarch's Jewellery Boutique.
 25843 | Orc:2    | Found Omougugu's Distillery.
 25843 | Orc:2    | Found Segam's Antique Armour Shoppe.
 25856 | Orc:2    | Bought a pair of glowing gloves for 195 gold pieces
 25867 | Orc:2    | Bought the ring of Jeuges {MP+9 Slay+6} for 730 gold pieces
 26055 | Orc:1    | Reached skill level 20 in Stealth
 26424 | Orc:1    | Killed Azrael
 27208 | D:13     | Found a gate to the Vaults.
 27393 | D:13     | Reached ****** piety under Hepliaklqana
 28227 | D:14     | Found a stormy altar of Qazlal.
 28637 | D:15     | Entered Level 15 of the Dungeon
 28658 | D:15     | Found the +3 warlock's mirror {omnireflect}
 28840 | D:15     | Found Eleusch's Magic Scroll Emporium.
 28845 | D:15     | Bought a scroll of teleportation for 33 gold pieces
 28845 | D:15     | Bought a scroll of teleportation for 33 gold pieces
 29044 | D:5      | Bought 3 scrolls of enchant weapon for 292 gold pieces
 29314 | D:13     | You paid a toll of a +6 demon whip to enter a treasure
                  | trove
 29315 | Trove    | Entered a treasure trove
 29549 | D:15     | Found a staircase to the Depths.
 29589 | D:15     | Annihilated by an ettin

Illustrated notes

Levels and vault maps discovered:
D:1:      minmay_arrival_glassed_features, layout_basic,
          wander_ebering_terrifying_dragon_lair
D:2:      layout_loops_cross, serial_bayou_lake_a, uniq_natasha
D:3:      layout_basic, basic_ecumenical_altar
D:4:      layout_basic, kennysheep_generic_room_7
D:5:      layout_cave_pools, minmay_temple_entry_junction, serial_shops, shop,
          kennysheep_mini, nicolae_shop_bloodbath_and_beyond, shop,
          hangedman_minor_gate_pass
D:6:      layout_loops_ring, uniq_grinder, uniq_sigmund
D:7:      layout_basic, uniq_crazy_yiuf_cottage
D:8:      layout_rooms, mainiacjoe_overflow_tiny_flanked, hangedman_ranch,
          uniq_grum
D:9:      layout_roguey, grunt_temple_overflow_open, lair_entry_dummy
D:10:     layout_long_grid, minivault_10
D:11:     layout_long_grid, orc_0_dummy, minivault_14, roderic_serpentine_path
D:12:     layout_roguey, nicolae_wu_jian_immortal_techniques
D:13:     layout_rooms, ximxim_vaults_locker_room,
          nicolae_trove_entry_free_sample
D:14:     layout_roguey, nicolae_qazlal_scattered_showers
D:15:     hangedman_depths_entry_civil_slaughter, layout_basic, serial_shops,
          shop, nicolae_figureground_sparkle, uniq_rupert, uniq_josephine
Temple:   bh_familiar_temple
Lair:1:   layout_chaotic_city, lemuel_fruit_tree, uniq_amaemon
Lair:2:   dreamdust_isle_of_ice, layout_cave_pods, beast_lair_carwin_7
Lair:3:   layout_cave_pods, skrybe_swamp_entry_bodies,
          minmay_snake_entry_six_corridors, lightli_volcano_entry_magma_tube
Lair:4:   layout_roguey [special_room_bee], dpeg_slime_entry_corner,
          grunt_megastairs_3
Lair:5:   hellmonk_lair_end_abyssal_woods, layout_small_grid, ice2_lemuel,
          grunt_megastairs_4
Orc:1:    layout_caves, basic_altar, nicolae_orc_pool_cavern
Orc:2:    st_orc_ogre_mass, layout_caves, uniq_erolcha, uniq_donald, uniq_azrael

Skill      XL: |  1  2  3  4  5  6  7  8  9 10 11 12 13 14 15 16 |
---------------+-------------------------------------------------+-----
Short Blades   | 3 4 5 7 8 10 12 13 15 16 17 18 | 18.8
Dodging        | 2 3 4 6 7 9 11 12 13 15 16 17 | 17.2
Fighting       | 3 4 6 7 8 10 11 12 13 15 16 | 16.0
Stealth        | 6 7 9 10 12 13 15 16 18 19 20 | 20.7
Throwing       | |  2.1

Action                     |  1- 3 |  4- 6 |  7- 9 | 10-12 | 13-15 | 16-18 || total
---------------------------+-------+-------+-------+-------+-------+-------++-------
  Melee: Dagger            |    56 |   119 |       |       |       |       ||   175
         Punch             |       |     6 |     1 |    10 |    36 |    10 ||    63
         Short sword       |       |    35 |   363 |   595 |  1931 |   634 ||  3558
 Invoke: Recall Ancestor   |       |       |     2 |     5 |     3 |     7 ||    17
         Ancestor Life: He |       |       |       |     1 |       |       ||     1
    Use: Potion            |       |     1 |       |       |     6 |     2 ||     9
         Scroll            |       |     8 |       |    15 |    13 |     5 ||    41
   Stab: Sleeping          |    19 |    15 |    19 |    30 |    33 |     8 ||   124
         Distracted        |       |       |     1 |    14 |    52 |    14 ||    81
         Confused          |       |       |       |     8 |    57 |    15 ||    80
         Paralysed         |       |       |       |       |    17 |    24 ||    41
         Invisible         |       |       |       |       |       |     1 ||     1
 Armour: Robe              |     5 |     6 |       |       |       |       ||    11
         Skin              |       |     4 |       |       |       |       ||     4
         Leather armour    |       |    10 |    66 |    15 |       |       ||    91
         Troll leather arm |       |       |       |    37 |   227 |    46 ||   310
  Dodge: Dodged            |    17 |    92 |   254 |   348 |  1638 |   467 ||  2816

Table legend: (Time is in decaauts)
 A = Elapsed time spent in this place.
 B = Non-inter-level travel time spent in this place.
 C = Inter-level travel time spent in this place.
 D = Time resting spent in this place.
 E = Time spent auto-exploring this place.
 F = Levels seen in this place.
 G = Mean time per level.
                   A        B        C        D        E       F      G
               +--------+--------+--------+--------+--------+-----+--------+
         Total |  27984 |  26346 |   1638 |   5145 |  15760 |  25 | 1119.4 |
       Dungeon |  15784 |  14578 |   1206 |   2530 |   9663 |  15 | 1052.3 |
        Temple |    184 |    165 |     19 |      0 |    160 |   1 |  184.0 |
          Lair |   8633 |   8344 |    289 |   1821 |   4491 |   5 | 1726.6 |
  Orcish Mines |   2641 |   2518 |    123 |    793 |   1169 |   2 | 1320.5 |
         Trove |    106 |    106 |      0 |      0 |      0 |   1 |  106.0 |
       Volcano |    633 |    633 |      0 |      0 |    277 |   1 |  633.0 |
               +--------+--------+--------+--------+--------+-----+--------+

Top non-repeatable levels by time:
  Lair:5: 3180 daAuts
     D:8: 1628 daAuts
   Orc:1: 1621 daAuts
  Lair:4: 1569 daAuts
     D:5: 1519 daAuts
     D:9: 1390 daAuts
  Lair:1: 1369 daAuts
  Lair:2: 1363 daAuts
    D:12: 1264 daAuts
     D:1: 1230 daAuts
  Lair:3: 1150 daAuts
     D:6: 1058 daAuts
     D:7: 1056 daAuts
     D:3: 1029 daAuts
   Orc:2: 1020 daAuts
